 Dungeon Crawl Stone Soup version 0.28.0-53-g5a82cb258f (webtiles) character file.

Game seed: 3157613793072800210

952 concernfroge the Ogre Mage (level 8, 0/67 HPs)
             Began as an Ogre Fire Elementalist on June 18, 2022.
             Was an Initiate of Vehumet.
             Succumbed to a scorpion's poison
             ... on level 5 of the Dungeon.
             The game lasted 00:19:52 (6694 turns).

concernfroge the Ogre Mage (Ogre Fire Elementalist) Turns: 6694, Time: 00:19:52

Health: 0/67       AC:  4    Str: 13    XL:     8   Next: 13%
Magic:  6/16       EV:  9    Int: 18    God:    Vehumet [......]
Gold:   193        SH:  0    Dex:  9    Spells: 17/18 levels left

rFire   + . .      SeeInvis .   f - staff of conjuration
rCold   x . .      Faith    .   (no shield)
rNeg    . . .      Spirit   .   a - +0 robe
rPois   .          Reflect  .   (helmet restricted)
rElec   .          Harm     .   h - +0 cloak
rCorr   .          Rampage  .   (gloves unavailable)
Will    .....                   (boots unavailable)
Stlth   +.........              (no amulet)
HPRegen 0.21/turn               g - ring of fire
MPRegen 0.15/turn               (no ring)

@: lethally poisoned (0 -> -9)
A: large, unfitting armour, tough skin 1
a: Renounce Religion


You were on level 5 of the Dungeon.
You worshipped Vehumet.
Vehumet was noncommittal.
You visited 2 branches of the dungeon, and saw 6 of its levels.

You collected 193 gold pieces.

Inventory:

Armour
 a - a +0 robe (worn)
 h - a +0 cloak (worn)
Magical Staves
 f - a staff of conjuration (weapon)
Jewellery
 g - a ring of fire (left hand)
Wands
 d - a wand of polymorph (13)
 i - a wand of digging (2)
 j - a wand of acid (5)
Scrolls
 b - a scroll of immolation
 l - a scroll of vulnerability
 m - a scroll of fear


   Skills:
 - Level 1.7 Dodging
 - Level 1.4 Stealth
 + Level 5.5 Spellcasting
 + Level 4.1 Conjurations
 + Level 4.9 Fire Magic
 + Level 3.4 Evocations


You had 17 spell levels left.
You knew the following spells:

 Your Spells              Type           Power      Damage    Failure   Level
a - Foxfire               Conj/Fire      100%       2x1d9     1%          1

Your spell library contained the following spells:

 Spells                   Type           Power      Damage    Failure   Level
 Scorch                   Fire           68%        2d8       2%          2
 Conjure Flame            Conj/Fire      48%        6-21      6%          3
 Summon Small Mammal      Summ           16%        N/A       13%         1
 Inner Flame              Hex/Fire       20%        N/A       14%         3
 Flame Wave               Conj/Fire      48%        2d10      19%         4
 Call Canine Familiar     Summ           4%         N/A       36%         3
 Summon Guardian Golem    Hex/Summ       4%         N/A       36%         3


Dungeon Overview and Level Annotations

Branches:
Dungeon (5/15)             Temple (1/1) D:4

Altars:
Ashenzari
Cheibriados
Elyvilon
Fedhas
Gozag
Kikubaaqudgha
Makhleb
Nemelex Xobeh
Okawaru
Ru
Sif Muna
Vehumet
Yredelemnul
Zin


Innate Abilities, Weirdness & Mutations

You are too large for most types of armour.
You have tough skin. (AC +1)


Message History

You closely miss the scorpion.
The scorpion is severely wounded.
The scorpion stings you!
You are poisoned.
The scorpion poisons you!
Casting: Foxfire (safe; 1% risk of failure)
Confirm with . or Enter, or press ? or * to list all spells.
You feel a strong surge of power!
You conjure some foxfire!
You feel sick. The scorpion stings you.
You hit the scorpion.
The scorpion is almost dead.
You feel sick.
The foxfire hits the scorpion but does no damage.
The scorpion is almost dead.
The scorpion stings you.
* * * LOW HITPOINT WARNING * * *
The scorpion stings you.
* * * LOW HITPOINT WARNING * * *
You are lethally poisoned!
The scorpion poisons you!
You feel better. The scorpion stings you.
* * * LOW HITPOINT WARNING * * *
Casting: Foxfire (safe; 1% risk of failure)
Confirm with . or Enter, or press ? or * to list all spells.
You feel a strong surge of power!
You conjure some foxfire!
The scorpion stings you.
* * * LOW HITPOINT WARNING * * *
You hit the scorpion but do no damage.
The scorpion is almost dead.
The foxfire hits the scorpion but does no damage.
The scorpion is almost dead.
The scorpion stings you.
* * * LOW HITPOINT WARNING * * *
You are lethally poisoned!
The scorpion poisons you! The scorpion stings you!
* * * LOW HITPOINT WARNING * * *
Casting: Foxfire (safe; 1% risk of failure)
Confirm with . or Enter, or press ? or * to list all spells.
You feel a strong surge of power!
You conjure some foxfire!
You die...

#######.#.##..# #(#
##...
.........#.#..#####.#
####
.######.###.........#
...#####.##
##..#######
........## ##.#
#########.## ##..#
..## ##.###.#.#
†..########.#.##v#
#..............s@#
##################


You could see a scorpion (ally target).

Vanquished Creatures
  An ogre (D:4)
  An ice beast (D:4)
  A black bear (D:3)
  2 necrophages (D:5)
  A scorpion (D:4)
  A jelly (D:4)
  A hound (D:5)
  2 centaur skeletons
  4 orc priests
  An iguana (D:5)
  An orc wizard (D:3)
  4 adders
  2 river rats (D:4)
  An ufetubus (D:4)
  An adder skeleton (D:4)
  2 worms
  2 dart slugs
  7 orcs
  4 ball pythons
  5 bats
  7 endoplasms
  6 giant cockroaches
  6 goblins
  9 hobgoblins
  5 quokkas
  3 frilled lizards
  11 kobolds
  6 rats
97 creatures vanquished.

Vanquished Creatures (others)
  292 foxfires
292 creatures vanquished.

Grand Total: 389 creatures vanquished

Notes
Turn   | Place    | Note
-------+----------+-------------------------------------------
     0 | D:1      | concernfroge the Ogre Fire Elementalist began the quest for
                  | the Orb.
     0 | D:1      | Reached XP level 1. HP: 16/16 MP: 3/3
    37 | D:1      | Reached skill level 1 in Conjurations
    72 | D:1      | Found a faded altar of an unknown god.
   208 | D:1      | Reached XP level 2. HP: 24/24 MP: 3/5
  1064 | D:2      | Reached XP level 3. HP: 28/31 MP: 5/7
  1152 | D:2      | Reached skill level 3 in Spellcasting
  1558 | D:2      | Identified the +5 dagger of Giegause {holy, *Corrode rPois
                  | Dex+5}
  1742 | D:3      | Reached XP level 4. HP: 37/39 MP: 0/8
  2073 | D:3      | Reached skill level 1 in Evocations
  2281 | D:3      | Noticed a black bear
  2294 | D:3      | Killed a black bear
  2295 | D:3      | Reached XP level 5. HP: 27/45 MP: 4/10
  3175 | D:3      | Reached skill level 4 in Spellcasting
  3175 | D:3      | Reached XP level 6. HP: 28/53 MP: 4/12
  3651 | D:4      | Found a snail-covered altar of Cheibriados.
  4163 | D:4      | Reached XP level 7. HP: 15/59 MP: 6/13
  4665 | D:4      | Found a staircase to the Ecumenical Temple.
  4673 | Temple   | Entered the Ecumenical Temple
  4937 | Temple   | Became a worshipper of Vehumet
  5483 | D:4      | Reached skill level 5 in Spellcasting
  6081 | D:5      | Entered Level 5 of the Dungeon
  6219 | D:5      | Found a broken altar of Ashenzari.
  6422 | D:5      | Reached XP level 8. HP: 67/67 MP: 4/16
  6441 | D:5      | Found a sparkling altar of Nemelex Xobeh.
  6441 | D:5      | Found an opulent altar of Gozag.
  6693 | D:5      | HP: 3/67 [scorpion (7)]
  6694 | D:5      | Succumbed to a scorpion's poison

Illustrated notes

Levels and vault maps discovered:
D:1:      minmay_arrival_three_doors, layout_basic,
          hellmonk_ecumenical_altar_blasted
D:2:      layout_rooms
D:3:      layout_loops_corners, small_statue_intersection
D:4:      layout_loops_corners, mainiacjoe_overflow_alcove_4,
          minmay_temple_entry_waves, gup_sewer_entry_bubbles,
          hangedman_decor_points
D:5:      layout_loops_ring, grunt_temple_overflow_opulence,
          evilmike_ruin_ashenzari, kennysheep_potato
Temple:   eino_temple_lava

Skill      XL: |  1  2  3  4  5  6  7 |
---------------+----------------------+-----
Conjurations   | 1 2 3 4 |  4.1
Fire Magic     | 3 4 |  4.9
Spellcasting   | 3 4 5 |  5.5
Evocations     | 1 2 3 |  3.4
Dodging        | |  1.7
Stealth        | |  1.4

Action                   |  1- 3 |  4- 6 |  7- 9 || total
-------------------------+-------+-------+-------++-------
Melee: Unarmed           |     3 |       |       ||     3
       Staff             |       |     8 |     7 ||    15
 Cast: Foxfire           |    48 |   100 |   101 ||   249
  Use: Potion            |     5 |     1 |     7 ||    13
       Scroll            |     3 |     2 |     2 ||     7
Armor: Robe              |     6 |    26 |    15 ||    47
Dodge: Dodged            |     9 |    36 |    32 ||    77
